 Seeded DCSS version 0.30-a0-920-g7493c07aab (webtiles) character file.

Game seed: 3125986916090331667 (custom seed)

60 Parcival the Trooper (level 3, 0/33 HPs)
             Began as a Minotaur Fighter on Mar 21, 2023.
             Slain by Natasha (6 damage)
             ... on level 2 of the Dungeon.
             The game lasted 00:02:27 (1159 turns).

Parcival the Trooper (Minotaur Fighter)             Turns: 1159, Time: 00:02:28

Health: 0/33       AC:  7    Str: 36    XL:     3   Next: 80%
Magic:  2/2        EV: 10    Int:  9    God:
Gold:   91         SH:  4    Dex:  9    Spells: 2/2 levels left

rFire   x . .      SeeInvis .    a - +0 war axe (freeze)
rCold   . . .      Faith    .    c - +0 buckler
rNeg    . . .      Spirit   .    b - +0 scale mail
rPois   .          Reflect  .    (helmet restricted)
rElec   .          Rampage  .    (no cloak)
rCorr   .                        (no gloves)
Will    +....                    (no boots) Stlth
                                 j - amulet of magic regeneration
HPRegen 0.25/turn                e - ring "Peritt" {rF- Will+ Str+8 Int+4 Slay-3}
MPRegen 0.48/turn                i - +6 ring of strength

@: no status effects
A: horns 2, retaliatory headbutt
a: no special abilities


You were on level 2 of the Dungeon.
You visited 1 branch of the dungeon, and saw 2 of its levels.

You collected 91 gold pieces.

Inventory:

Hand Weapons
 a - a +0 war axe of freezing (weapon)
Armour
 b - a +0 scale mail (worn)
 c - a +0 buckler (worn)
Jewellery
 e - the ring "Peritt" (left hand) {rF- Will+ Str+8 Int+4 Slay-3}
   (You acquired it on level 1 of the Dungeon)

   [ring of willpower]

   Str:       It affects your strength (+8).
   Int:       It affects your intelligence (+4).
   Slay:      It affects your accuracy & damage with ranged weapons and melee
   (-3).
   rF:        It makes you vulnerable to fire.
   Will:      It increases your willpower.
 i - a +6 ring of strength (right hand)
 j - an amulet of magic regeneration (around neck)
Scrolls
 f - 3 scrolls of teleportation {unknown}
 k - a scroll of amnesia {unknown}
Potions
 d - a potion of might
 g - a potion of degeneration {unknown}
 h - a potion of heal wounds


   Skills:
 + Level 4.3 Fighting
 + Level 3.8 Axes
 + Level 4.0 Armour
 + Level 0.2 Dodging
 + Level 3.9 Shields


You had 2 spell levels left.
You didn't know any spells.
Your spell library contained the following spells:

 Spells                   Type           Power      Damage    Failure   Level
 Sandblast                Erth           0%         2d4       67%         1
 Passwall                 Tmut/Erth      0%         N/A       82%         2
 Stone Arrow              Conj/Erth      0%         3d7       96%         3


Dungeon Overview and Level Annotations

Branches:
Dungeon (2/15)

Altars:

Annotations:
D:2 Natasha


Innate Abilities, Weirdness & Mutations

You have a pair of horns on your head.
You reflexively headbutt those who attack you in melee.


Message History

You closely miss the ball python. The ball python closely misses you.
You furiously retaliate!
You headbutt the ball python, but do no damage.
The ball python barely misses you. The ball python closely misses you.
You furiously retaliate!
You headbutt the ball python!
You kill the ball python!
g - a fizzy ruby potion A worm comes into view.
Found a scroll labelled MUUZEL YSADD.
A worm is nearby!
You slash the worm! You freeze the worm. Your headbutt misses the worm.
The worm is severely wounded.
The worm bites you.
You hit the worm. You freeze the worm. Your headbutt misses the worm.
The worm is almost dead.
You block the worm's attack.
You hit the worm. You freeze the worm.
You kill the worm!
You see here a worm corpse.
k - a scroll labelled MUUZEL YSADD An endoplasm comes into view.
An endoplasm is nearby!
The endoplasm freezes you.
You are frozen.
The endoplasm hits you.
You slash the endoplasm! You freeze the endoplasm.
You kill the endoplasm!
Found a robe.
f - 3 scrolls labelled FUDEOQ PYUHOB (gained 1) Natasha, Servant of Life and Death comes into view.
She is carrying a wand of flame (10).
Found an escape hatch in the floor.
Natasha hisses angrily.
Natasha is nearby!
Natasha zaps a wand.
The puff of flame hits you! The fire burns you terribly!
Natasha zaps a wand.
The puff of flame hits you. The fire burns you terribly!
Natasha hisses.
Natasha zaps a wand.
The puff of flame hits you! The fire burns you terribly!
* * * LOW HITPOINT WARNING * * *
You miss Natasha. Natasha barely misses you. Natasha claws you.
You die...

#...>...#
#.##.#
#..####.#
#.##.#
#..#
#[##.#
#..####..
..##.#
........#
####.#
.########
#.# .#
#.# .#
#.# .#
#@# .#
#h# .#
... .#
.>... .#
#.....#
#.....#
##...##
##.##


You could see Natasha.

Vanquished Creatures
  A gnoll (D:1)
  An adder (D:2)
  A worm (D:2)
  A dart slug (D:2)
  4 endoplasms
  A giant cockroach (D:2)
  2 hobgoblins
  7 kobolds
  A quokka (D:2)
  4 ball pythons
  2 bats (D:1)
  7 goblins
  2 rats (D:1)
  2 butterflies (D:1)
36 creatures vanquished.

Vanquished Creatures (others)
  A plant (D:1)
1 creature vanquished.

Grand Total: 37 creatures vanquished

Notes
Turn   | Place    | Note
-------+----------+-------------------------------------------
     0 | D:1      | Parcival the Minotaur Fighter began the quest for the Orb.
     0 | D:1      | Reached XP level 1. HP: 19/19 MP: 0/0
    50 | D:1      | Identified a scroll of acquirement
    50 | D:1      | Acquired the ring "Peritt" {rF- Will+ Str+8 Int+4 Slay-3}
   201 | D:1      | Reached XP level 2. HP: 27/27 MP: 1/1
   585 | D:1      | Reached XP level 3. HP: 33/33 MP: 2/2
  1154 | D:2      | Noticed Natasha
  1159 | D:2      | Slain by Natasha

Illustrated notes

Levels and vault maps discovered:
D:1:      amcnicky_arrival_single_pillar, layout_loops_cross,
          hangedman_glass_garden
D:2:      layout_loops_ring, dk_vineyard_1, uniq_natasha

Skill      XL: |  1  2  3 |
---------------+----------+-----
Fighting       | 4 |  4.3
Axes           | 3 |  3.8
Armour         | 4 |  4.0
Dodging        | |  0.2
Shields        | |  3.9

Action                     || total
---------------------------++-------
  Melee: War axe           ||    72
         Headbutt          ||     6
    Use: Scroll            ||     3
 Armour: Scale mail        ||    34
  Dodge: Dodged            ||    36
  Block: Buckler           ||    14

Table legend: (Time is in decaauts)
 A = Elapsed time spent in this place.
 B = Non-inter-level travel time spent in this place.
 C = Inter-level travel time spent in this place.
 D = Time resting spent in this place.
 E = Time spent auto-exploring this place.
 F = Levels seen in this place.
 G = Mean time per level.
                   A        B        C        D        E       F      G
               +--------+--------+--------+--------+--------+-----+--------+
         Total |   1185 |   1130 |     55 |      0 |    820 |   2 |  592.5 |
       Dungeon |   1185 |   1130 |     55 |      0 |    820 |   2 |  592.5 |
               +--------+--------+--------+--------+--------+-----+--------+

Top non-repeatable levels by time:
     D:1: 754 daAuts
     D:2: 431 daAuts
